 Dungeon Crawl Stone Soup version 0.28-a0-21-gf74fda84f9 (webtiles) character file.

Game seed: 5210578987503015346

330 undeadczar the Covert (level 6, -8/30 HPs)
             Began as a Spriggan Brigand on July 26, 2021.
             Was an Initiate of Dithmenos.
             Killed from afar by Ijyb (11 damage)
             ... with an iceblast
             ... on level 5 of the Dungeon.
             The game lasted 00:34:41 (7642 turns).

undeadczar the Covert (Spriggan Brigand)            Turns: 7642, Time: 00:34:42

Health: -8/30      AC:  3    Str:  7    XL:     6   Next: 26%
Magic:  7/7        EV: 16    Int: 13    God:    Dithmenos [......]
Gold:   156        SH:  0    Dex: 18    Spells: 4/5 levels left

rFire   . . .      SeeInvis +   a - +2 dagger
rCold   . . .      Faith    .   (shield restricted)
rNeg    . . .      Spirit   .   b - +0 robe
rPois   .          Reflect  .   (helmet restricted)
rElec   .          Harm     .   c - +0 cloak
rCorr   .          Rampage  .   (gloves unavailable)
Will    +....                   (boots unavailable)
Stlth   ++++......              (no amulet)
HPRegen 0.10/turn               (no ring)
MPRegen 0.10/turn               (no ring)

@: very quick
A: very small, no large weapons, unfitting armour, see invisible, speed 3
a: Renounce Religion


You were on level 5 of the Dungeon.
You worshipped Dithmenos.
Dithmenos was noncommittal.
You visited 2 branches of the dungeon, and saw 6 of its levels.

You collected 156 gold pieces.

Inventory:

Hand Weapons
 a - a +2 dagger (weapon)
 h - a +0 short sword
 u - a +0 hunting sling
Missiles
 d - 8 poisoned darts
 e - 2 curare-tipped darts
 l - 8 boomerangs (quivered)
 q - 34 stones
 r - 9 sling bullets
Armour
 b - a +0 robe (worn)
 c - a +0 cloak (worn)
Magical Staves
 s - a staff of fire
Scrolls
 f - a scroll of immolation {unknown}
 k - a scroll of identify {unknown}
 m - 2 scrolls of silence {unknown}
 o - a scroll of summoning {unknown}
 t - a scroll of blinking {unknown}
 w - a scroll of fog {unknown}
Potions
 g - 4 potions of flight {unknown}
 i - 2 potions of curing {unknown}
 j - a potion of lignification {unknown}
 n - a potion of haste {unknown}
 p - a potion of might {unknown}
 v - 2 potions of brilliance {unknown}


   Skills:
 - Level 1.7 Fighting
 + Level 4.1 Short Blades
 + Level 3.6 Throwing
 - Level 1.3 Dodging
 * Level 9.2 Stealth


You had 4 spell levels left.
You knew the following spells:

 Your Spells              Type           Power      Damage    Failure   Level
a - Magic Dart            Conj           0%         1d3       30%         1

Your spell library contained the following spells:

 Spells                   Type           Power      Damage    Failure   Level
 Searing Ray              Conj           0%         3d3       43%         2
 Fulminant Prism          Conj/Hex       0%         3d6       97%         4


Dungeon Overview and Level Annotations

Branches:
Dungeon (5/15)             Temple (1/1) D:5

Altars:
Ashenzari
Cheibriados
Dithmenos
Elyvilon
Gozag
Kikubaaqudgha
Makhleb
Ru
Sif Muna
Trog
Uskayaw
Vehumet
Wu Jian
Yredelemnul
Zin

Annotations:
D:5 Ijyb, Pikel


Innate Abilities, Weirdness & Mutations

You are very small and have problems with some larger weapons.
You are too small for most types of armour.
You have supernaturally acute eyesight. (SInv)
You cover ground extremely quickly. (Speed+++)


Message History

There is a shadowy altar of Dithmenos here.
You kneel at the altar of Dithmenos.
Dithmenos welcomes you!
Okay, then.
Okay, then.
There is a shadowy altar of Dithmenos here.
Done exploring.
There is an ancient bone altar of Kikubaaqudgha here.
You kneel at the altar of Kikubaaqudgha.
There is a staircase back to the Dungeon here.
You climb upwards.
Welcome back to the Dungeon!
Level annotation: Pikel The lemure completely misses you.
Ijyb the Twisted Goblin comes into view.
She is wielding a +0 club and carrying a wand of iceblast (9).
The lemure hits you. x3; The lemure completely misses you.
The lemure hits you.
* * * LOW HITPOINT WARNING * * *
There is a staircase to the Ecumenical Temple, spattered with blood here.
You start resting.
HP restored.
There is a stone staircase leading up here.
Found 23 arrows.
Found 12 gold pieces.
You now have 156 gold pieces (gained 12).
Okay, then.
Found a scroll labelled USHESO EDATRED.
Found 15 gold pieces.
There is an open door here.
Ijyb shouts!
You hit Ijyb but do no damage. Ijyb closely misses you.
You hit Ijyb but do no damage. You hit Ijyb but do no damage.
Ijyb hits you with a +0 club.
Ijyb zaps a wand.
The mass of ice explodes!
The iceblast engulfs you!
Ouch! That really hurt!
You hear a shout!
There is an open door here.
Ijyb zaps a wand.
The mass of ice explodes!
The iceblast engulfs you!
* * * LOW HITPOINT WARNING * * *
Found a stone staircase leading up.
Ijyb zaps a wand.
The mass of ice explodes!
The iceblast engulfs you!
You die...

#.#.#..#........
#.#.#....#####.#
#.......# .# #####.#####
#'# #.........# #...
#..#..###.# ##....
#.#.##.##.###.....
...####.#.#...#.##......
...<...@.....g...'.g....
##.####...?.....##......
###.##.######.....
#....# ##.... ####.#
.... # ##+#


You could see Ijyb.

Vanquished Creatures
  A water moccasin skeleton (D:4)
  Terence (D:2)
  2 orc wizards (D:4)
  A hound skeleton (D:5)
  4 gnolls (D:4)
  5 adders
  A howler monkey skeleton (D:3)
  3 dart slugs
  9 orcs
  8 bats
  6 endoplasms
  A giant cockroach (D:3)
  8 goblins
  9 hobgoblins
  6 jackals
  7 ball pythons
  3 frilled lizards
  5 kobolds
  9 rats
89 creatures vanquished.

Notes
Turn   | Place    | Note
-------+----------+-------------------------------------------
     0 | D:1      | undeadczar the Spriggan Brigand began the quest for the
                  | Orb.
     0 | D:1      | Reached XP level 1. HP: 10/10 MP: 2/2
    96 | D:1      | Reached skill level 6 in Stealth
   109 | D:1      | Reached XP level 2. HP: 13/15 MP: 3/3
   788 | D:1      | Reached XP level 3. HP: 18/18 MP: 4/4
  1180 | D:1      | Found a faded altar of an unknown god.
  1584 | D:2      | Reached skill level 7 in Stealth
  1830 | D:2      | Noticed Terence
  2067 | D:2      | Killed Terence
  2068 | D:2      | Reached XP level 4. HP: 23/23 MP: 5/5
  2519 | D:3      | Found a sacrificial altar of Ru.
  3332 | D:4      | Reached skill level 8 in Stealth
  3332 | D:4      | Reached XP level 5. HP: 26/26 MP: 6/6
  3862 | D:4      | Noticed an ogre
  3869 | D:4      | Found a broken altar of Ashenzari.
  3878 | D:4      | Found a shimmering blue altar of Sif Muna.
  3956 | D:4      | Learned a level 1 spell: Magic Dart
  5814 | D:4      | HP: 1/26 [gnoll (12)]
  6196 | D:4      | Reached XP level 6. HP: 30/30 MP: 7/7
  6274 | D:4      | Reached skill level 9 in Stealth
  6819 | D:5      | Entered Level 5 of the Dungeon
  6915 | D:5      | Found a staircase to the Ecumenical Temple.
  6918 | D:5      | Noticed Pikel
  6926 | Temple   | Entered the Ecumenical Temple
  7175 | Temple   | Became a worshipper of Dithmenos the Shadowed
  7309 | D:5      | Noticed Ijyb
  7642 | D:5      | Killed from afar by Ijyb

Illustrated notes

Levels and vault maps discovered:
D:1:      dpeg_arrival_tiny_j, layout_loops_ring,
          dreamdust_ecumenical_altar_hidden_monk_grotto,
          minmay_misc_feat_hallway, minmay_misc_feat_four_crosses,
          minmay_pentomino_w4
D:2:      layout_rooms, uniq_terence
D:3:      layout_loops_cross, nicolae_ru_awakened_eye
D:4:      layout_loops_corners, mainiacjoe_overflow_catwalk_spiral
D:5:      layout_loops_corners, grunt_temple_overflow_octagram,
          minmay_temple_entry_arrows, uniq_pikel, uniq_ijyb
Temple:   minmay_temple_forest_path

Skill      XL: |  1  2  3  4  5  6 |
---------------+-------------------+-----
Stealth        | 6 7 8 9 |  9.2
Short Blades   | 3 4 |  4.1
Throwing       | 3 |  3.6
Fighting       | |  1.7
Dodging        | |  1.3

Action                   |  1- 3 |  4- 6 || total
-------------------------+-------+-------++-------
Melee: Dagger            |   130 |   191 ||   321
Throw: Dart              |     6 |       ||     6
       Boomerang         |       |    16 ||    16
 Stab: Sleeping          |    15 |    12 ||    27
       Distracted        |     1 |     1 ||     2
Armor: Robe              |     6 |    13 ||    19
Dodge: Dodged            |    83 |   109 ||   192

Table legend: (Time is in decaauts)
 A = Elapsed time spent in this place.
 B = Non-inter-level travel time spent in this place.
 C = Inter-level travel time spent in this place.
 D = Time resting spent in this place.
 E = Time spent auto-exploring this place.
 F = Levels seen in this place.
 G = Mean time per level.
                   A        B        C        D        E       F      G
               +--------+--------+--------+--------+--------+-----+--------+
         Total |   5875 |   5718 |    157 |   2885 |   1029 |   6 |  979.2 |
       Dungeon |   5645 |   5518 |    127 |   2885 |    878 |   5 | 1129.0 |
        Temple |    230 |    200 |     30 |      0 |    151 |   1 |  230.0 |
               +--------+--------+--------+--------+--------+-----+--------+

Top non-repeatable levels by time:
     D:4: 2955 daAuts
     D:1: 1049 daAuts
     D:2: 762 daAuts
     D:3: 536 daAuts
     D:5: 340 daAuts
  Temple: 230 daAuts
